Map: [ESL] Cosmic Sapphire

Players

超高校级的星灵

  • Race: Protoss Protoss
  • League: Master

iGMacSed (MacSed) - Winner!

  • Race: Protoss Protoss

Event: DreamHack SC2 Masters 2022 Atlanta (Online)

VOD

Have the link to the VOD?

Description

Time

  • Played on: Oct. 5, 2022, 8:14 a.m.
  • Length: 8:00

All games in this series

Show
View Real Time Build Order
Export as new Build Order

超高校级的星灵 Protoss 

Build Orders: Blink Stalkers, Dark Templar Rush 

Get SALT Encoding   

  12  0:00  Probe  
  13  0:12  Probe  
  14  0:16  Pylon  
  14  0:24  Probe (Chrono Boost)  
  16  0:36  Probe (Chrono Boost)  
  16  0:38  Gateway  
  16  0:42  Probe (Chrono Boost)  
  16  0:46  Assimilator  
  17  0:50  Probe  
  17  0:54  Assimilator  
  18  1:03  Probe (Chrono Boost)  
  19  1:07  Gateway  
  20  1:12  Probe (Chrono Boost)  
  20  1:17  Probe (Chrono Boost)  
  21  1:26  Cybernetics Core  
  21  1:29  Probe  
  22  1:36  Pylon  
  22  1:41  Probe  
  23  1:54  Probe  
  24  2:02  Warp Gate, Stalker x2  
  28  2:12  Pylon  
  28  2:17  Shield Battery  
  30  2:40  Twilight Council  
  28  2:49  Nexus  
  28  2:56  Probe  
  29  3:04  Pylon  
  29  3:09  Probe, Pylon  
  30  3:17  Blink (Chrono Boost)  
  30  3:21  Probe  
  31  3:28  Dark Shrine  
  31  3:33  Probe  
  32  3:45  Probe  
  33  3:49  Gateway  
  33  3:50  Stalker  
  35  3:57  Probe (Chrono Boost)  
  35  4:01  Stalker  
  38  4:03  Probe (Chrono Boost)  
  40  4:10  Probe (Chrono Boost)  
  40  4:13  Probe (Chrono Boost)  
  40  4:15  Probe (Chrono Boost)  
  42  4:18  Probe (Chrono Boost)  
  43  4:25  Probe  
  43  4:29  Probe  
  45  4:37  Probe  
  46  4:41  Dark Templar x2, Probe  
  46  4:44  Shield Battery  
  49  4:53  Stalker  
  49  4:55  Probe (Chrono Boost)  
  49  4:57  Probe (Chrono Boost)  
  49  5:05  Probe (Chrono Boost)  
  51  5:07  Probe (Chrono Boost)  
  51  5:11  Probe  
  52  5:17  Probe  
  52  5:19  Nexus  
  52  5:20  Pylon  
  53  5:24  Probe  
  53  5:27  Forge  
  54  5:29  Probe  
  54  5:31  Sentry  
  57  5:36  Probe  
  57  5:39  Assimilator  
  57  5:41  Probe  
  59  5:43  Robotics Facility  
  59  5:46  Gateway  
  59  5:48  Probe  
  60  5:57  Stalker x2  
  60  6:01  Stalker  
  60  6:04  Protoss Ground Weapons Level 1 (Chrono Boost), Pylon  
  64  6:14  Shield Battery  
  64  6:16  Probe  
  65  6:21  Pylon  
  63  6:26  Stalker x2  
  63  6:27  Probe (Chrono Boost)  
  63  6:28  Probe (Chrono Boost)  
  70  6:35  Immortal  
  70  6:37  Probe x2 (Chrono Boost)  
  70  6:39  Probe (Chrono Boost)  
  75  6:42  Probe (Chrono Boost)  
  77  6:50  Probe  
  76  6:54  Gateway x2  
  75  7:04  Stalker x3  
  75  7:12  Stalker  
  75  7:13  Shield Battery  
  75  7:20  Immortal  
  81  7:27  Pylon  
  81  7:29  Stalker  
  83  7:32  Stalker  
  83  7:33  Stalker  
  79  7:37  Stalker  
Show
View Real Time Build Order
Export as new Build Order

iGMacSed Protoss - Winner!

Build Orders:  

Get SALT Encoding   

  12  0:00  Probe  
  13  0:12  Probe  
  14  0:17  Pylon  
  14  0:24  Probe (Chrono Boost)  
  15  0:36  Probe (Chrono Boost), Gateway  
  16  0:44  Probe (Chrono Boost)  
  16  0:46  Assimilator  
  17  0:51  Probe  
  17  0:54  Assimilator  
  18  1:03  Probe (Chrono Boost)  
  19  1:10  Gateway  
  20  1:12  Probe (Chrono Boost)  
  20  1:17  Probe (Chrono Boost)  
  20  1:24  Cybernetics Core  
  21  1:29  Probe  
  22  1:34  Pylon  
  22  1:41  Probe  
  23  1:53  Probe  
  24  2:00  Stalker  
  24  2:01  Sentry  
  28  2:05  Probe  
  28  2:07  Warp Gate  
  29  2:08  Pylon  
  29  2:27  Stalker  
  31  2:30  Stalker  
  32  2:49  Nexus  
  32  2:52  Probe  
  32  2:58  Sentry  
  35  3:04  Probe, Pylon  
  36  3:07  Sentry  
  38  3:16  Probe  
  38  3:17  Shield Battery  
  39  3:29  Twilight Council  
  39  3:30  Probe  
  40  3:42  Probe  
  41  3:51  Robotics Facility  
  41  3:54  Probe  
  42  3:57  Adept x2  
  42  4:02  Probe  
  47  4:06  Probe  
  48  4:12  Blink (Chrono Boost)  
  48  4:14  Probe  
  49  4:18  Probe  
  50  4:24  Gateway  
  50  4:26  Probe  
  50  4:30  Probe  
  52  4:32  Stalker  
  52  4:38  Probe  
  55  4:41  Observer (Chrono Boost)  
  55  4:43  Probe  
  57  4:46  Pylon  
  57  4:50  Probe  
  58  4:55  Probe  
  58  4:59  Stalker x2  
  59  5:02  Probe  
  59  5:04  Assimilator  
  60  5:07  Probe, Gateway  
  61  5:14  Probe  
  61  5:16  Pylon  
  61  5:20  Stalker  
  64  5:26  Observer  
  64  5:27  Forge  
  65  5:33  Pylon  
  65  5:35  Pylon  
  65  5:37  Stalker  
  65  5:40  Stalker  
  69  5:47  Stalker  
  71  5:51  Pylon  
  71  5:59  Pylon  
  71  6:00  Stalker  
  71  6:02  Nexus  
  73  6:05  Stalker  
  75  6:18  Shield Battery, Probe x2  
  77  6:26  Stalker  
  77  6:30  Probe x2  
  77  6:31  Photon Cannon  
  81  6:36  Stalker x2  
  85  6:40  Stalker  
  86  6:47  Photon Cannon  
  86  6:50  Probe  
  86  6:51  Probe  
  87  6:57  Stalker  
  89  7:02  Probe  
  90  7:10  Stalker  
  90  7:11  Stalker x2  
  90  7:13  Probe  
  90  7:14  Probe x2  
  99  7:17  Pylon  
  99  7:25  Probe  
  99  7:26  Probe, Stalker  
  95  7:37  Stalker x3  
Tags
 
Add a new tag
Caveats
  • Supply blocks, unpowered buildings, or Contaminate may cause inaccurate times.
  • Supply counts are checked every 10 seconds.